 Dungeon Crawl Stone Soup version 0.27-a0-328-g7f782ed93a (webtiles) character file.

Game seed: 6640407224513454239

72 CurlyBrace the Caller (level 4, -6/21 HPs)
             Began as a Felid Summoner on Feb 11, 2021.
             Was an Initiate of Cheibriados.
             Mangled by a gnoll
             ... wielding a +0 spear
              (9 damage)
             ... on level 4 of the Dungeon.
             The game lasted 00:02:40 (228 turns).

CurlyBrace the Caller (Felid Summoner)               Turns: 228, Time: 00:02:40

Health: -6/21      AC:  1    Str:  6    XL:     4   Next: 7%
Magic:  8/8        EV: 18    Int: 18    God:    Cheibriados [......]
Gold:   11         SH:  0    Dex: 17    Spells: 6/7 levels left
                                        Lives:  0   Deaths: 1

rFire    . . .     SeeInvis +     - Unarmed
rCold    . . .     Faith    .   (shield unavailable)
rNeg     . . .     Spirit   .   (armour unavailable)
rPois    .         Reflect  .   (helmet unavailable)
rElec    .         Harm     .   (cloak unavailable)
rCorr    .         Rampage  .   (gloves unavailable)
Will     .....                  (boots unavailable)
Stlth    +++.......             (no amulet)
HPRegen  0.07/turn              (no ring)
MPRegen  0.11/turn              (no ring)

@: slow
A: very small, no armour, no weapons or thrown items, stealth, claws 1, fangs 3,
see invisible, speed 1, shaggy fur 1, sharp paws
a: Renounce Religion, Bend Time


You were on level 4 of the Dungeon.
You worshipped Cheibriados.
Cheibriados was noncommittal.
You visited 1 branch of the dungeon, and saw 4 of its levels.

You collected 11 gold pieces.

You aren't carrying anything.


   Skills:
 * Level 3.1 Fighting
 + Level 3.0 Dodging
 + Level 3.0 Stealth
 * Level 3.1 Unarmed Combat
 - Level 2.0 Spellcasting
 - Level 4.0 Summonings


You had 6 spell levels left.
You knew the following spells:

 Your Spells              Type           Power        Failure   Level
a - Summon Small Mammal   Summ           64%          3%          1

Your spell library contained the following spells:

 Spells                   Type           Power        Failure   Level
 Call Imp                 Summ           16%          5%          2
 Call Canine Familiar     Summ           16%          11%         3
 Summon Guardian Golem    Hex/Summ       9%           24%         3
 Summon Ice Beast         Ice/Summ       9%           61%         4
 Summon Lightning Spire   Summ/Air       9%           61%         4


Dungeon Overview and Level Annotations

Branches:
Dungeon (4/15)
 Temple: D:4-7

Altars:
Cheibriados
Wu Jian


Innate Abilities, Weirdness & Mutations

You cannot wear armour.
You are incapable of wielding weapons or throwing items.
Your paws allow you to move quietly. (Stealth)
You have sharp claws.
You have razor-sharp teeth.
You have supernaturally acute eyesight. (SInv)
You cover ground quickly.
You are covered in fur. (AC +1)
Your sharp claws are effective at attacking unaware monsters.


Message History

Unknown command.
Casting: Summon Small Mammal (safe; 3% risk of failure)
Confirm with . or Enter, or press ? or * to list all spells.
Your bat barely misses the worker ant.
Your bat hits the worker ant. The worker ant completely misses you.
Your bat hits the worker ant.
Your bat hits the worker ant but does no damage.
Unknown command.
You scratch the worker ant but do no damage.
The worker ant is lightly wounded.
Your bat closely misses the worker ant.
Your bat hits the worker ant.
Your bat closely misses the worker ant.
The worker ant bites you!
You die...
You are more poisoned.
The worker ant poisons you!
You are now level 4!
You rejoin the land of the living...
Your rat barely misses the worker ant.
Something bites your rat.
Your rat dies!
Your rat's corpse disappears in a puff of smoke!
Your bat hits the worker ant. Your bat hits the worker ant.
Your bat hits the worker ant but does no damage.
Your bat barely misses the worker ant.
The worker ant bites your bat.
Your bat is poisoned.
The worker ant poisons your bat!
A gnoll comes into view. It is wielding a +0 spear.
The gnoll shouts!
Your bat barely misses the worker ant.
Your bat hits the worker ant but does no damage.
Your bat disappears in a puff of smoke!
The gnoll barely misses you. The gnoll hits you with a +0 spear.
The gnoll misses you.
The gnoll hits you from afar with a +0 spear.
There is a stone staircase leading up here.
The gnoll hits you with a +0 spear!
* * * LOW HITPOINT WARNING * * *
The gnoll hits you from afar with a +0 spear!
You die...

#.###.(.................
#.#....###########......
#...##############....).
##+#######....#...)....(......
#...............[.............
#.............#..........#####
####...........g............#
#....b...........#..........#
#.##.........B.g@.g#.########
#.###########...†##..... #...#
#....#....... ###.####
.......# ......
#......##..####### #.....
#.##...##. .... #.#.....#
#.#....B# #.#........#


You could see a worker ant and 3 gnolls.

Vanquished Creatures
  Menkaure (D:4)
  A worm (D:3)
  An orc (D:4)
  2 bats (D:1)
  A rat (D:1)
6 creatures vanquished.

Vanquished Creatures (collateral kills)
  A worker ant (D:4)
1 creature vanquished.

Grand Total: 7 creatures vanquished

Notes
Turn   | Place    | Note
-------+----------+-------------------------------------------
     0 | D:1      | CurlyBrace the Felid Summoner began the quest for the Orb.
     0 | D:1      | Reached XP level 1. HP: 7/7 MP: 4/4
   118 | D:4      | Noticed a worker ant
   124 | D:4      | Killed a worker ant
   125 | D:4      | Reached skill level 1 in Fighting
   125 | D:4      | Reached skill level 1 in Unarmed Combat
   125 | D:4      | Reached XP level 2. HP: 10/12 MP: 3/6
   125 | D:4      | Reached XP level 3. HP: 12/15 MP: 3/7
   141 | D:4      | Found an ornate altar of the Wu Jian Council.
   144 | D:4      | Noticed Menkaure
   152 | D:4      | Killed Menkaure
   153 | D:4      | Reached XP level 4. HP: 4/21 MP: 5/8
   153 | D:4      | Reached XP level 5. HP: 4/24 MP: 5/9
   174 | D:4      | Found a snail-covered altar of Cheibriados.
   179 | D:4      | Became a worshipper of Cheibriados the Contemplative
   204 | D:4      | Slain by a worker ant
   205 | D:4      | Reached XP level 4. HP: -4/21 MP: 6/8
   228 | D:4      | Mangled by a gnoll

Illustrated notes

Levels and vault maps discovered:
D:1:      dpeg_arrival_tiny_a, layout_loops_ring, xom_teletrap_fun
D:2:      layout_basic, nicolae_qazlal_eye_of_the_storm,
          minmay_misc_feat_hallway
D:3:      layout_basic, ashenzari_conservatory_becter
D:4:      cheibrodos_helix_gallery, layout_basic,
          yredelemnul_forgotten_temple_becter, pdpol_wu_jian_five_deadly_venoms,
          general_overflow_altar, nzn_hepliaklqana_mist_gate,
          kennysheep_little_box, okawaru_ov_weapons_minmay, uniq_menkaure

Skill      XL: |  1  2  3 |
---------------+----------+-----
Fighting       | 1 3 |  3.1
Dodging        | 3 |  3.0
Stealth        | 3 |  3.0
Unarmed Combat | 1 3 |  3.1
Spellcasting   | |  2.0
Summonings     | |  4.0

Action                   |  1- 3 |  4- 6 || total
-------------------------+-------+-------++-------
Melee: Unarmed           |    14 |     1 ||    15
       Bite              |     1 |       ||     1
 Cast: Summon Small Mamm |     2 |     3 ||     5
  Use: Potion            |     2 |       ||     2
       Scroll            |     1 |     2 ||     3
 Stab: Sleeping          |     4 |       ||     4
Dodge: Dodged            |     6 |     7 ||    13

Table legend: (Time is in decaauts)
 A = Elapsed time spent in this place.
 B = Non-inter-level travel time spent in this place.
 C = Inter-level travel time spent in this place.
 D = Time resting spent in this place.
 E = Time spent auto-exploring this place.
 F = Levels seen in this place.
 G = Mean time per level.
                   A        B        C        D        E       F      G
               +--------+--------+--------+--------+--------+-----+--------+
         Total |    187 |    187 |      0 |      0 |      0 |   4 |   46.8 |
       Dungeon |    187 |    187 |      0 |      0 |      0 |   4 |   46.8 |
               +--------+--------+--------+--------+--------+-----+--------+

Top non-repeatable levels by time:
     D:4: 103 daAuts
     D:1: 53 daAuts
     D:2: 19 daAuts
     D:3: 11 daAuts
